 Dungeon Crawl Stone Soup version 0.27-a0-203-gd48b2df3c9 (webtiles) character file.

Game seed: 15188826214613553973

38 epen the Vexing (level 3, -8/28 HPs)
             Began as a Gnoll Arcane Marksman on Jan 30, 2021.
             Mangled by a worm (10 damage)
             ... on level 2 of the Dungeon.
             The game lasted 00:02:20 (1462 turns).

epen the Vexing (Gnoll Arcane Marksman)             Turns: 1462, Time: 00:02:20

Health: -8/28      AC:  5    Str:  9    XL:     3   Next: 43%
Magic:  7/7        EV: 12    Int: 12    God:
Gold:   106        SH:  0    Dex: 13    Spells: 6/7 levels left

rFire    . . .     SeeInvis .   d - +0 club
rCold    . . .     Faith    .   (no shield)
rNeg     . . .     Spirit   .   b - +0 ring mail
rPois    .         Reflect  .   (no helmet)
rElec    .         Harm     .   (no cloak)
rCorr    .         Rampage  .   (no gloves)
Will     .....                  (no boots)
Stlth    +.........             (no amulet)
HPRegen  0.09/turn              (no ring)
MPRegen  0.10/turn              (no ring)

@: no status effects
A: distributed training, fangs 1, strong nose
a: no special abilities


You were on level 2 of the Dungeon.
You visited 1 branch of the dungeon, and saw 2 of its levels.

You collected 106 gold pieces.

Inventory:

Hand Weapons
 a - a +0 shortbow
 d - a +0 club (weapon)
Missiles
 i - a throwing net (quivered)
Armour
 b - a +0 ring mail (worn)
 e - a +0 robe
Scrolls
 g - 2 scrolls of teleportation {unknown}
 j - a scroll of fog {unknown}
 k - a scroll of remove curse {unknown}
 l - a scroll of magic mapping {unknown}
Potions
 c - a potion of haste {unknown}
 f - a potion of degeneration {unknown}
 h - 2 potions of curing {unknown}


   Skills:
 + Level 2.6 Fighting
 + Level 0.8 Short Blades
 + Level 0.8 Long Blades
 + Level 0.8 Axes
 + Level 0.8 Maces & Flails
 + Level 0.8 Polearms
 + Level 0.8 Staves
 + Level 0.8 Slings
 + Level 4.5 Bows
 + Level 0.8 Crossbows
 + Level 0.8 Throwing
 + Level 0.8 Armour
 + Level 4.5 Dodging
 + Level 0.8 Stealth
 + Level 0.8 Shields
 + Level 0.8 Unarmed Combat
 + Level 2.8 Spellcasting
 + Level 0.5 Conjurations
 + Level 5.4 Hexes
 + Level 0.5 Summonings
 + Level 0.5 Necromancy
 + Level 0.5 Translocations
 + Level 0.5 Transmutations
 + Level 0.5 Fire Magic
 + Level 0.5 Ice Magic
 + Level 0.5 Air Magic
 + Level 0.5 Earth Magic
 + Level 0.5 Poison Magic
 + Level 1.0 Invocations
 + Level 0.8 Evocations


You had 6 spell levels left.
You knew the following spells:

 Your Spells              Type           Power        Failure   Level
a - Corona                Hex            15%          8%          1

Your spell library contained the following spells:

 Spells                   Type           Power        Failure   Level
 Slow                     Hex            14%          12%         2
 Inner Flame              Hex/Fire       8%           52%         3
 Portal Projectile        Hex/Tloc       16%          52%         3
 Cause Fear               Hex            7%           58%         4
 Leda's Liquefaction      Hex/Erth       4%           90%         4


Dungeon Overview and Level Annotations

Branches:
Dungeon (2/15)

Altars:

Annotations:
D:2 Terence


Innate Abilities, Weirdness & Mutations

Your experience applies equally to all skills.
You have very sharp teeth.
Your uncanny sense of smell can sniff out nearby items.


Message History

Your ring mail prevents you from hitting the worm.
The worm bites you!
Your ring mail prevents you from hitting the worm.
You barely miss the worm. You bite the worm, but do no damage.
The worm misses you.
You hit the worm.
The worm is lightly wounded.
The worm misses you.
You hit the worm but do no damage. Your bite misses the worm.
The worm bites you!
You hit the worm.
The worm is lightly wounded.
You hit the worm but do no damage.
The worm is lightly wounded.
The worm bites you!
* * * LOW HITPOINT WARNING * * *
You hit the worm.
The worm is lightly wounded.
The worm bites you!
You die...

# #..#.#...#.#.............##.#.[
###..#####.#.#..#..#<####.###.#..
..#..#.....#....#.......#.....#..
#.#..#.#.#.###.###...##.#######..
#.#........#..@# #...##+### ##..
..#.#....#.#...# #........# #...
)............#.######.....# #...
####...#.........####.....# #...
#........(..w@'.#......####...
#####.........#..........<#...
#....)....#.......†...####
#.........#...........#
#.........#...........#
#####.........#......†....#
#..(((........#........>..#
#....(........#......(.<..#
#....((...... #.(...#######


You could see a worm.

Vanquished Creatures
  A worm (D:2)
  A leopard gecko (D:1)
  9 bats
  2 giant cockroaches
  5 goblins
  4 hobgoblins
  2 ball pythons
  3 frilled lizards
  2 kobolds (D:1)
  4 rats
33 creatures vanquished.

Notes
Turn   | Place    | Note
-------+----------+-------------------------------------------
     0 | D:1      | epen the Gnoll Arcane Marksman began the quest for the Orb.
     0 | D:1      | Reached XP level 1. HP: 17/17 MP: 4/4
   293 | D:1      | Reached XP level 2. HP: 23/23 MP: 5/5
   838 | D:2      | Reached XP level 3. HP: 28/28 MP: 7/7
  1068 | D:2      | Noticed Terence
  1386 | D:2      | Reached skill level 1 in Invocations
  1462 | D:2      | Mangled by a worm

Illustrated notes

Levels and vault maps discovered:
D:1:      zelgadis_glass_arrival_large, layout_basic, chequers_garden
D:2:      layout_basic, minmay_pentomino_w2, uniq_terence

Skill      XL: |  1  2  3 |
---------------+----------+-----
Invocations    | 1 |  1.0
Fighting       | |  2.6
Short Blades   | |  0.8
Long Blades    | |  0.8
Axes           | |  0.8
Maces & Flails | |  0.8
Polearms       | |  0.8
Staves         | |  0.8
Slings         | |  0.8
Bows           | |  4.5
Crossbows      | |  0.8
Throwing       | |  0.8
Armour         | |  0.8
Dodging        | |  4.5
Stealth        | |  0.8
Shields        | |  0.8
Unarmed Combat | |  0.8
Spellcasting   | |  2.8
Conjurations   | |  0.5
Hexes          | |  5.4
Summonings     | |  0.5
Necromancy     | |  0.5
Translocations | |  0.5
Transmutations | |  0.5
Fire Magic     | |  0.5
Ice Magic      | |  0.5
Air Magic      | |  0.5
Earth Magic    | |  0.5
Poison Magic   | |  0.5
Evocations     | |  0.8

Action                   || total
-------------------------++-------
Melee: Club              ||    28
       Unarmed           ||    24
       Bite              ||     8
       Punch             ||     1
 Fire: Shortbow          ||    90
Armor: Ring mail         ||    36
Dodge: Dodged            ||    69

Table legend: (Time is in decaauts)
 A = Elapsed time spent in this place.
 B = Non-inter-level travel time spent in this place.
 C = Inter-level travel time spent in this place.
 D = Time resting spent in this place.
 E = Time spent auto-exploring this place.
 F = Levels seen in this place.
 G = Mean time per level.
                   A        B        C        D        E       F      G
               +--------+--------+--------+--------+--------+-----+--------+
         Total |   1475 |   1425 |     50 |    228 |    881 |   2 |  737.5 |
       Dungeon |   1475 |   1425 |     50 |    228 |    881 |   2 |  737.5 |
               +--------+--------+--------+--------+--------+-----+--------+

Top non-repeatable levels by time:
     D:1: 1116 daAuts
     D:2: 358 daAuts
